 Dungeon Crawl Stone Soup version 0.21.1-1-g345015fe64 (webtiles) character file.

264 Kaspu011 the Chopper (level 5, 0/47 HPs)
             Began as a Minotaur Berserker on June 23, 2018.
             Was a Priest of Trog.
             Killed by divine providence
             ... invoked by an orc priest
              (12 damage)
             ... on level 3 of the Dungeon on June 24, 2018.
             The game lasted 00:15:31 (2202 turns).

Kaspu011 the Chopper (Minotaur Berserker)           Turns: 2202, Time: 00:15:31

Health: 0/47       AC: 10    Str: 22    XL:     5   Next: 98%
Magic:  4/4        EV:  8    Int:  4    God:    Trog [***...]
Gold:   181        SH:  0    Dex: 10    Spells: 4/4 levels left

rFire    . . .     SeeInvis .   a - +1 hand axe
rCold    . . .     Gourm    .   (no shield)
rNeg     . . .     Faith    .   k - +0 chain mail (curse)
rPois    .         Spirit   .   (helmet restricted)
rElec    .         Reflect  .   (no cloak)
rCorr    .         Harm     .   o - +0 pair of gloves
MR       .....                  (no boots)
Stlth    ..........             (no amulet)
HPRegen  0.15/turn              (no ring)
MPRegen  0.09/turn              (no ring)

@: no status effects
A: retaliatory headbutt, horns 2
a: Berserk, Trog's Hand, Burn Spellbooks, Renounce Religion


You were on level 3 of the Dungeon.
You worshipped Trog.
Trog was most pleased with you.
You were not hungry.

You visited 1 branch of the dungeon, and saw 3 of its levels.

You collected 181 gold pieces.

Inventory:

Hand Weapons
 a - a +1 hand axe (weapon)
 f - a +0 hunting sling
Missiles
 b - 41 arrows
 e - 221 stones (quivered)
Armour
 h - a +0 ring mail
 k - a cursed +0 chain mail (worn)
 o - a +0 pair of gloves (worn)
 u - a +0 pair of gloves
Scrolls
 j - 3 scrolls of teleportation {unknown}
 l - 3 scrolls of identify {unknown}
 n - a scroll of immolation {unknown}
 t - a scroll of magic mapping {unknown}
Potions
 d - a potion of agility {unknown}
 g - 2 potions of mutation {unknown}
 i - a potion of resistance {unknown}
 m - 2 potions of heal wounds {unknown}
 p - a potion of curing {unknown}
 q - 2 potions of degeneration {unknown}
 r - a potion of brilliance {unknown}
 s - a potion of lignification {unknown}
Comestibles
 c - 5 rations


   Skills:
 + Level 4.4 Fighting
 * Level 7.2 Axes
 + Level 3.0 Armour
 + Level 2.6 Dodging


You had 4 spell levels left.
You didn't know any spells.

Dungeon Overview and Level Annotations

Branches:
Dungeon (3/15)

Altars:


Innate Abilities, Weirdness & Mutations

You reflexively headbutt those who attack you in melee.
You have a pair of horns on your head.


Message History

Your chain mail prevents you from hitting the bat.
The bat barely misses you. You furiously retaliate!
You headbutt the bat.
You kill the bat!
Trog accepts your kill.
The orc priest invokes the aid of Beogh against you.
Pain shoots through your body!
You closely miss the orc priest.
The orc priest is almost dead.
You slash the orc!
You kill the orc!
Trog accepts your kill.
The orc priest invokes the aid of Beogh against you.
Beogh smites you!
* * * LOW HITPOINT WARNING * * *
You hit the orc priest.
You kill the orc priest!
Trog accepts your kill.
The orc priest calls down the wrath of Beogh upon you.
Beogh smites you!
You die...

####.# ...... ..## # ###
... ##.. .. # #.# ####.#
.# .# ######....###..#
.# ....o..........# .#
###..)....##.# .#
#...o)@).....# .#
#?#.......#### [#
##.<...## )#### ##...##
....# # ##...##
.##.#######.##.....#####
###....................#
.........#####.....###.#
###.###### ##...##


You could see an orc priest and an orc.

Vanquished Creatures
  An orc priest (D:3)
  Jessica (D:2)
  Natasha (D:2)
  Terence (D:2)
  Robin (D:3)
  5 adders
  An ooze (D:2)
  2 worms (D:2)
  4 dart slugs
  3 leopard geckos
  6 orcs (D:3)
  3 giant cockroaches (D:1)
  6 hobgoblins
  6 jackals
  7 bats
  4 frilled lizards
  17 goblins
  8 kobolds
  8 rats
85 creatures vanquished.

Notes
Turn   | Place    | Note
-------+----------+-------------------------------------------
     0 | D:1      | Kaspu011 the Minotaur Berserker began the quest for the Orb.
     0 | D:1      | Reached XP level 1. HP: 19/19 MP: 0/0
   121 | D:1      | Reached skill level 4 in Axes
   121 | D:1      | Reached XP level 2. HP: 12/27 MP: 1/1
   507 | D:1      | Reached ** piety under Trog
   556 | D:2      | Reached XP level 3. HP: 27/33 MP: 2/2
   673 | D:2      | Reached skill level 5 in Axes
   778 | D:2      | Noticed Terence
   784 | D:2      | Killed Terence
   784 | D:2      | Reached XP level 4. HP: 40/40 MP: 3/3
  1279 | D:2      | Noticed Natasha
  1286 | D:2      | Killed Natasha
  1286 | D:2      | Reached skill level 6 in Axes
  1307 | D:2      | Reached XP level 5. HP: 45/47 MP: 4/4
  1492 | D:2      | Noticed Jessica
  1508 | D:2      | Killed Jessica
  1672 | D:3      | Noticed Robin
  1679 | D:3      | Killed Robin
  1685 | D:3      | Reached *** piety under Trog
  2113 | D:3      | Reached skill level 7 in Axes
  2202 | D:3      | Killed from afar by an orc priest

Skill      XL: |  1  2  3  4  5 |
---------------+----------------+-----
Axes           | 4 5 6 7 |  7.2
Fighting       | 4 |  4.4
Armour         | 3 |  3.0
Dodging        | |  2.6

Action                   |  1- 3 |  4- 6 || total
-------------------------+-------+-------++-------
Melee: Hand axe          |    91 |   100 ||   191
       Headbutt          |    13 |    19 ||    32
  Use: Scroll            |       |     1 ||     1
  Eat: Chunk             |       |     4 ||     4
Armor: Animal skin       |     6 |       ||     6
       Leather armour    |    14 |       ||    14
       Chain mail        |    20 |    36 ||    56
Dodge: Dodged            |    49 |    35 ||    84
